 Seeded DCSS version 0.28.0-47-ge53b351184 (webtiles) character file.

Game seed: 8584210793567161098 (custom seed)

214 zeratav the Conjurer (level 5, -2/31 HPs)
             Began as an Octopode Conjurer on Apr 27, 2022.
             Was an Initiate of Ashenzari.
             Slain by a gnoll
             ... wielding a +0 spear of freezing
              (5 damage)
             ... on level 5 of the Dungeon.
             The game lasted 00:04:09 (2411 turns).

zeratav the Conjurer (Octopode Conjurer)            Turns: 2411, Time: 00:04:10

Health: -2/31      AC:  1    Str:  6    XL:     5   Next: 91%
Magic:  3/10       EV: 13    Int: 23    God:    Ashenzari [......]
Gold:   133        SH:  0    Dex: 10    Spells: 8/11 levels left

rFire   + . .      SeeInvis +   b - +0 dagger {short}
rCold   . . .      Faith    .   (no shield)
rNeg    . . .      Spirit   .   c - +0 hat of Contentment {rF+ Regen+ rCorr SInv}
rPois   +          Reflect  .   h - amulet of the acrobat
rElec   .          Harm     .   i - ring of resist corrosion
rCorr   +          Rampage  .   o - ring of Xylegis {Wiz rPois}
Will    .....                   p - ring of see invisible
Stlth   +++.......              (no ring)
HPRegen 0.90/turn               (no ring)
MPRegen 0.12/turn               (no ring)
                                (no ring)
                                (no ring)

@: no status effects
A: almost no armour, amphibious, 8 rings, camouflage 1, gelatinous body 1,
(nimble swimmer 1), tentacles
a: Renounce Religion


You were on level 5 of the Dungeon.
You worshipped Ashenzari.
Ashenzari was noncommittal.
You visited 1 branch of the dungeon, and saw 4 of its levels.

You collected 133 gold pieces.


Innate Abilities, Weirdness & Mutations

You cannot wear most types of armour.
You are amphibious.
You can wear up to eight rings at the same time.
Your skin changes colour to match your surroundings (Stealth+).
Your rubbery body absorbs attacks. (AC +1, EV +1)
((You are camouflaged when in or above water. (Stealth+)))
You have tentacles for arms and can constrict up to eight enemies at once.


   Skills:
 - Level 2.0 Dodging
 - Level 2.6 Stealth
 + Level 3.5 Spellcasting
 * Level 6.1 Conjurations
 + Level 0.0 Translocations


You had 8 spell levels left.
You knew the following spells:

 Your Spells              Type           Power      Damage    Failure   Level
a - Magic Dart            Conj           100%       1d8       1%          1
b - Searing Ray           Conj           64%        2d6       1%          2

Your spell library contained the following spells:

 Spells                   Type           Power      Damage    Failure   Level
 Dazzling Flash           Conj/Hex       36%        N/A       4%          3
 Fulminant Prism          Conj/Hex       9%         3d7       12%         4
 Iskenderun's Mystic Bla  Conj/Tloc      18%        2d6       12%         4

Inventory:

Hand Weapons
 a - a +0 spear {polearm}
   (You found it on level 1 of the Dungeon)
 b - a +0 dagger (weapon) {short}
   (You took it off a kobold on level 1 of the Dungeon)
Armour
 c - the +0 hat of Contentment (worn) {rF+ Regen+ rCorr SInv}
   (You acquired it on level 1 of the Dungeon)

   rF:        It protects you from fire.
   SInv:      It lets you see invisible.
   Regen:     It increases your rate of health regeneration.
   rCorr:     It protects you from acid and corrosion.
Jewellery
 f - an amulet of faith {!P}
   (You found it on level 1 of the Dungeon)
 h - an amulet of the acrobat (around mantle)
   (You found it on level 1 of the Dungeon)
 i - a ring of resist corrosion (left tentacle)
   (You found it on level 1 of the Dungeon)
 o - the ring of Xylegis (right tentacle) {Wiz rPois}
   (You acquired it on level 2 of the Dungeon)

   [ring of wizardry]

   It improves your spell success rate.
   rPois:     It protects you from poison.
 p - a ring of see invisible (on tentacle)
   (You found it on level 3 of the Dungeon)
Scrolls
 d - 2 scrolls of teleportation {unknown}
 e - a scroll of enchant weapon {unknown}
 m - a scroll of summoning {unknown}
 n - 3 scrolls of identify {unknown}
Potions
 g - 3 potions of might {unknown}
 j - 2 potions of curing {unknown}
 k - a potion of mutation {unknown}
 l - a potion of heal wounds {unknown}
 q - 2 potions of flight {unknown}

Dungeon Overview and Level Annotations

Branches:
Dungeon (5/15)
 Temple: D:4-7

Altars:
Ashenzari

Shops:
D:1 (   D:5 (

Annotations:
D:2 1 runed translucent door, Crazy Yiuf

...#. ####.......# ###
..#⌠.##+##.⌠#.....#.#
##.#
...........#....##.###..#
#.......#.###.###.#...#
#.......#...#.# #.....#
+..._...+...#.###)....##
#.......#...#.##.......#
#........####.#.........
#.......@.# ..#.(....###
#⌠.#.+##gg# ........##
####. ##g# ###....## ..
.g. #.#### .#. .g.. .. #.
....# #.# ...... ....#


You could see a gnoll shaman and 4 gnolls.


Message History

You can't see any susceptible monsters within range! (Use Z to cast anyway.)
You can't see any susceptible monsters within range! (Use Z to cast anyway.)
Okay, then.
There is an escape hatch in the floor here.
Found a stone staircase leading up.
MP[+1]
Your mp is fully restored (10).
You now have 116 gold pieces (gained 5).
Things that are here:
a +0 dagger {short}; a goblin skeleton
There is a stone staircase leading up here.
Found a stone staircase leading down.
There is a stone staircase leading down here.
p - a ring of see invisible
p - a ring of see invisible (on tentacle)
A sourceless malevolence fills the Dungeon...
You fall into a shaft and drop 2 floors!
The shaft crumbles and collapses.
You hear the sound of rushing water.
There is an entrance to a sewer on this level.
Hurry and find it before the portal rusts away!
q - 2 bubbling ruby potions You see here a +0 flail {mace}.
You hear the slow rusting of a distant drain.
Found Ejacvui's Weapon Shoppe.
You hear the slow rusting of a very distant drain.
Found 17 gold pieces.
Found a broken altar of Ashenzari.
You now have 133 gold pieces (gained 17).
Found an escape hatch in the ceiling.
There is a broken altar of Ashenzari here.
You curl up in front of the altar of Ashenzari.
Ashenzari welcomes you!
Ashenzari warns you of distant threats and treasures.
Ashenzari reveals the structure of the dungeon to you.
Ashenzari shows you where magical portals lie.
You have a vision of a gate.
A gnoll shaman comes into view. It is wielding a +0 whip.
The magic dart hits the gnoll shaman.
The gnoll shaman shouts!
A gnoll comes into view. It is wielding a +0 whip.
MP[-1]
You lost 1 mp, and now have 9/10 mp.
The magic dart hits the gnoll shaman but does no damage.
The gnoll shouts!
You hear a shout!
A gnoll comes into view. It is wielding a +0 spear of freezing.
A gnoll comes into view. It is wielding a +0 flail.
MP[-1]
You lost 1 mp, and now have 8/10 mp.
The magic dart hits the gnoll shaman but does no damage.
MP[-1]
You lost 1 mp, and now have 7/10 mp.
The magic dart hits the gnoll shaman.
MP[-1]
You lost 1 mp, and now have 6/10 mp.
The magic dart hits the gnoll.
MP[-1]
You lost 1 mp, and now have 5/10 mp.
The magic dart hits the gnoll shaman.
MP[-1]
You lost 1 mp, and now have 4/10 mp.
The magic dart hits the gnoll shaman but does no damage.
MP[-1]
You lost 1 mp, and now have 3/10 mp.
The magic dart hits the gnoll shaman but does no damage.
The gnoll shaman hits you with a +0 whip!
HP[-11]
You take 11 damage, and now have 20/31 hp.
MASSIVE DAMAGE!! (PAUSE)
You barely miss the gnoll shaman. Your grab misses the gnoll shaman.
The gnoll shaman calls upon its god to speed up the gnoll.
The gnoll seems to speed up.
The gnoll closely misses you. The gnoll hits you but does no damage.
You hear a shout!
HP[+1]
You hit the gnoll shaman but do no damage.
You grab the gnoll shaman.
You constrict the gnoll shaman, but do no damage.
You hear a shout!
The gnoll shaman hits you with a +0 whip.
The gnoll misses you. The gnoll barely misses you.
You hear a shout!
HP[-3]
You take 3 damage, and now have 18/31 hp.
You hit the gnoll shaman but do no damage.
You constrict the gnoll shaman.
The gnoll hits you from afar with a +0 spear of freezing!
* * * LOW HITPOINT WARNING * * *
The gnoll freezes you.
* * * LOW HITPOINT WARNING * * *
The gnoll shaman calls upon its god to speed up the gnoll.
The gnoll seems to speed up.
The gnoll hits you with a +0 whip!
* * * LOW HITPOINT WARNING * * *
The gnoll misses you.
HP[-15]
You take 15 damage, and now have 3/31 hp.
MASSIVE DAMAGE!! (PAUSE)
You hit the gnoll shaman.
You constrict the gnoll shaman, but do no damage.
The gnoll barely misses you. The gnoll shaman barely misses you.
A gnoll comes into view. It is wielding a +0 flail.
The gnoll hits you from afar with a +0 spear of freezing.
You die...

Skill      XL: |  1  2  3  4  5 |
---------------+----------------+-----
Spellcasting   | 3 |  3.5
Conjurations   | 5 6 |  6.1
Dodging        | |  2.0
Stealth        | |  2.6

Action                   |  1- 3 |  4- 6 || total
-------------------------+-------+-------++-------
Melee: Dagger            |     8 |     4 ||    12
       Tentacles         |     4 |       ||     4
       Constrict         |     1 |     1 ||     2
       Punch             |     1 |       ||     1
 Cast: Magic Dart        |    34 |    29 ||    63
       Searing Ray       |     1 |       ||     1
  Use: Scroll            |     3 |     1 ||     4
 Stab: Sleeping          |     1 |       ||     1
Armor: Skin              |       |     1 ||     1
Dodge: Dodged            |     9 |     7 ||    16

Levels and vault maps discovered:
D:1:      lightli_arrival_windingriver, layout_loops_corners, serial_shops,
          nicolae_shop_bloodbath_and_beyond, ebering_ecumenical_altar_ruins,
          minmay_misc_feat_room, minivault_24
D:2:      layout_rooms, uniq_crazy_yiuf_cottage, uniq_sigmund
D:3:      layout_loops_ring, nicolae_overflow_ecumenical_swirl,
          dk_yredelemnul_ordeal
D:5:      layout_cave_pods, evilmike_ruin_ashenzari, serial_shops,
          nicolae_shop_statue_plus, gup_sewer_entry_bubbles, uniq_eustachio

Notes
Turn   | Place    | Note
-------+----------+-------------------------------------------
     0 | D:1      | zeratav the Octopode Conjurer began the quest for the Orb.
     0 | D:1      | Reached XP level 1. HP: 11/11 MP: 3/3
     0 | D:1      | magus.rc [v1.9.6]
    86 | D:1      | Found a faded altar of an unknown god.
    97 | D:1      | Found Maosm's Weapon Boutique.
   297 | D:1      | Identified a scroll of acquirement
   297 | D:1      | Acquired the +0 hat of Contentment {rF+ Regen+ rCorr SInv}
   398 | D:1      | Reached XP level 2. HP: 17/17 MP: 5/5
  1143 | D:2      | Learned a level 2 spell: Searing Ray
  1289 | D:2      | Found a runed translucent door.
  1290 | D:2      | Noticed Crazy Yiuf
  1321 | D:2      | Reached XP level 3. HP: 21/21 MP: 2/6
  1390 | D:2      | Noticed Sigmund
  1400 | D:2      | Killed Sigmund
  1401 | D:2      | Reached skill level 3 in Spellcasting
  1401 | D:2      | Reached skill level 5 in Conjurations
  1401 | D:2      | Reached XP level 4. HP: 13/27 MP: 0/9
  1401 | D:2      | Reached XP level 5. HP: 15/31 MP: 0/10
  1508 | D:2      | Reached skill level 6 in Conjurations
  1839 | D:2      | Acquired the ring of Xylegis {Wiz rPois}
  2276 | D:3      | You fall into a shaft and drop 2 floors!
  2276 | D:5      | Entered Level 5 of the Dungeon
  2349 | D:5      | Found Ejacvui's Weapon Shoppe.
  2388 | D:5      | Found a broken altar of Ashenzari.
  2396 | D:5      | Became a worshipper of Ashenzari the Shackled
  2410 | D:5      | HP: 3/31 [gnoll/+0 whip (7)]
  2411 | D:5      | Slain by a gnoll

Vanquished Creatures
  Sigmund (D:2)
  2 adders (D:2)
  2 endoplasms
  2 giant cockroaches
  6 goblins
  4 hobgoblins
  5 kobolds
  A quokka (D:2)
  6 ball pythons
  2 bats (D:2)
  2 frilled lizards
  2 rats
35 creatures vanquished.

Table legend:
 A = Non-vault XP
 B = Vault XP
 C = Vault XP percentage of total XP
 D = Non-vault monster count
 E = Vault monster count
 F = Vault count percentage of total count
                 A         B        C        D         E       F
            +---------+---------+-------+---------+---------+-------
      Total |      79 |     227 |  74.2 |      34 |       1 |   2.9
            +---------+---------+-------+---------+---------+-------
        D:1 |      19 |       0 |   0.0 |      11 |       0 |   0.0
        D:2 |      56 |     227 |  80.2 |      20 |       1 |   4.8
        D:3 |       4 |       0 |   0.0 |       3 |       0 |   0.0
            +---------+---------+-------+---------+---------+-------

Illustrated notes

Table legend:
 A = Kills in this place as a percentage of kills in entire the game.
 B = Kills by you in this place as a percentage of kills by you in the entire game.
 C = Kills by friends in this place as a percentage of kills by friends in the entire game.
 D = Other kills in this place as a percentage of other kills in the entire game.
 E = Experience gained in this place as a percentage of experience gained in the entire game.
 F = Experience gained in this place divided by the number of levels of this place that you have seen.
                   A       B       C       D       E      F
               +-------+-------+-------+-------+-------+----------------------
         Total | 100.0 | 100.0 |   N/A |   N/A | 100.0 |  76.5
       Dungeon | 100.0 | 100.0 |   N/A |   N/A | 100.0 |  76.5
               +-------+-------+-------+-------+-------+----------------------

Table legend: (Time is in decaauts)
 A = Elapsed time spent in this place.
 B = Non-inter-level travel time spent in this place.
 C = Inter-level travel time spent in this place.
 D = Time resting spent in this place.
 E = Time spent auto-exploring this place.
 F = Levels seen in this place.
 G = Mean time per level.
                   A        B        C        D        E       F      G
               +--------+--------+--------+--------+--------+-----+--------+
         Total |   2408 |   2331 |     77 |     73 |   2059 |   4 |  602.0 |
       Dungeon |   2408 |   2331 |     77 |     73 |   2059 |   4 |  602.0 |
               +--------+--------+--------+--------+--------+-----+--------+

Top non-repeatable levels by time:
     D:1: 1005 daAuts
     D:2: 952 daAuts
     D:3: 316 daAuts
     D:5: 134 daAuts
